2923 views
Uploaded 2020-04-11 00:45:49
Game version 1.32.3
8:41 long 1on1 ladder game on (2)ConcealedHill
Saved by BEARAND
2923 views
Uploaded 2020-04-11 00:45:49
Game version 1.32.3
8:41 long 1on1 ladder game on (2)ConcealedHill

15 units @ 1.1k
/ 0k
24 buildings @ 1.7k
/ 0.7k


| Scroll of Regeneration | 2 | 200 |
| Potion of Healing | 2 | 300 |
| Staff of Teleportation | 1 | 150 |
| Boots of Speed | 1 | 250 |
| total: | 6 | 900g |
| Peasant | 15 | 1125 | / | 0 |
| total: | 15 | 1125g | / | 0w |
| Scout Tower | 14 | 420 | / | 280 |
| Arcane Tower | 1 | 70 | / | 50 |
| Guard Tower | 10 | 700 | / | 500 |
| Altar of Kings | 1 | 180 | / | 50 |
| Farm | 6 | 480 | / | 120 |
| Lumber Mill | 1 | 120 | / | 0 |
| Arcane Vault | 1 | 130 | / | 30 |
| Town Hall | 1 | 385 | / | 205 |
| Keep | 1 | 320 | / | 210 |
| total: | 24 | 1715g | / | 685w |
| 0:01 | Peasant |
| 0:01 | Peasant |
| 0:02 | Peasant |
| 0:02 | Peasant |
| 0:09 | Altar of Kings |
| 0:20 | Farm |
| 0:24 | Peasant |
| 0:38 | Lumber Mill |
| 0:40 | Scout Tower |
| 0:59 | Peasant |
| 1:14 | Peasant |
| 1:18 | Farm |
| 1:19 | Arcane Vault |
| 1:23 | Peasant |
| 1:27 | Scout Tower |
| 1:29 | Scout Tower |
| 1:36 | Peasant |
| 1:56 | Arcane Tower |
| 2:04 | Peasant |
| 2:04 | Peasant |
| 2:07 | Blizzard |
| 2:39 | Guard Tower |
| 2:41 | Scout Tower |
| 2:42 | Scout Tower |
| 2:48 | Peasant |
| 2:49 | Peasant |
| 2:49 | Peasant |
| 3:08 | Brilliance Aura |
| 3:16 | Scroll of Regeneration |
| 3:22 | Guard Tower |
| 3:24 | Scout Tower |
| 3:24 | Scout Tower |
| 3:40 | Scroll of Regeneration |
| 3:46 | Guard Tower |
| 4:39 | Keep |
| 4:39 | Guard Tower |
| 4:40 | Guard Tower |
| 4:41 | Improved Masonry |
| 4:53 | Farm |
| 4:54 | Farm |
| 5:08 | Farm |
| 5:09 | Farm |
| 5:14 | Blizzard |
| 5:31 | Town Hall |
| 5:36 | Scout Tower |
| 5:45 | Scout Tower |
| 5:57 | Staff of Teleportation |
| 5:57 | Boots of Speed |
| 6:02 | Guard Tower |
| 6:28 | Guard Tower |
| 6:29 | Scout Tower |
| 6:29 | Scout Tower |
| 6:41 | Scout Tower |
| 6:59 | Guard Tower |
| 7:01 | Scout Tower |
| 7:17 | Guard Tower |
| 7:28 | Potion of Healing |
| 7:32 | Improved Lumber Harvesting |
| 7:38 | Guard Tower |
| 7:39 | Scout Tower |
| 7:41 | Peasant |
| 7:55 | Advanced Masonry |
| 7:57 | Potion of Healing |
| 8:14 | Storm Bolt |
| Right click | 846 |
| Select | 224 |
| Select group | 101 |
| Build/train/purchase | 75 |
| Chat | 32 |
| Assign group | 16 |
| Misc. action | 12 |
| Use ability | 12 |
| Remove unit | 2 |
16 units @ 2.5k
/ 0.1k
11 buildings @ 1.8k
/ 0.5k

| Lesser Clarity Potion | 1 | 70 |
| Healing Salve | 1 | 100 |
| total: | 2 | 170g |
| Peon | 6 | 450 | / | 0 |
| Grunt | 9 | 1800 | / | 0 |
| Demolisher | 1 | 220 | / | 50 |
| total: | 16 | 2470g | / | 50w |
| Altar of Storms | 1 | 180 | / | 50 |
| Orc Burrow | 4 | 640 | / | 160 |
| Barracks | 3 | 540 | / | 150 |
| War Mill | 1 | 205 | / | 0 |
| Voodoo Lounge | 1 | 130 | / | 30 |
| Spirit Lodge | 1 | 150 | / | 150 |
| Stronghold | 1 | 315 | / | 190 |
| total: | 11 | 1845g | / | 540w |
| 0:04 | Altar of Storms |
| 0:07 | Orc Burrow |
| 0:08 | Peon |
| 0:09 | Peon |
| 0:35 | Barracks |
| 0:38 | Barracks |
| 0:41 | Peon |
| 1:23 | Peon |
| 1:33 | Orc Burrow |
| 1:36 | Peon |
| 1:42 | Grunt |
| 1:53 | Peon |
| 2:10 | Grunt |
| 2:21 | War Mill |
| 2:24 | Voodoo Lounge |
| 2:29 | Healing Wave |
| 2:37 | Grunt |
| 3:04 | Grunt |
| 3:36 | Steel Melee Weapons |
| 4:05 | Hex |
| 4:11 | Grunt |
| 4:14 | Stronghold |
| 4:21 | Orc Burrow |
| 4:28 | Lesser Clarity Potion |
| 4:33 | Healing Salve |
| 5:16 | Grunt |
| 5:39 | Steel Armor |
| 6:05 | Orc Burrow |
| 6:06 | Grunt |
| 6:47 | Spirit Lodge |
| 6:48 | Grunt |
| 6:57 | Pillage |
| 7:33 | Demolisher |
| 7:42 | Barracks |
| 8:13 | Hex |
| 8:25 | Grunt |
| 8:27 | Witch Doctor Adept Training |
| Right click | 382 |
| Select | 168 |
| Select group | 49 |
| Build/train/purchase | 32 |
| Misc. action | 31 |
| Assign group | 16 |
| Use ability | 10 |
| Esc | 1 |